 Dungeon Crawl Stone Soup version 0.22-a0-608-g8a62e23 (webtiles) character file.

126 Lianjan the Skirmisher (level 5, -2/57 HPs)
             Began as an Ogre Fighter on July 9, 2018.
             Slain by Sigmund
             ... wielding a +0 scythe
              (17 damage)
             ... on level 3 of the Dungeon.
             The game lasted 00:02:16 (2067 turns).

Lianjan the Skirmisher (Ogre Fighter)               Turns: 2067, Time: 00:02:16

Health: -2/57      AC:  3    Str: 25    XL:     5   Next: 10%
Magic:  5/5        EV:  8    Int:  9    God:
Gold:   124        SH:  9    Dex:  9    Spells: 4/4 levels left

rFire    . . .     SeeInvis .   a - +0 trident
rCold    . . .     Gourm    .   c - +0 shield
rNeg     . . .     Faith    .   b - +0 robe
rPois    .         Spirit   .   (helmet restricted)
rElec    .         Reflect  .   (no cloak)
rCorr    .         Harm     .   (gloves unavailable)
MR       .....                  (boots unavailable)
Stlth    +.........             (no amulet)
HPRegen  0.19/turn              (no ring)
MPRegen  0.09/turn              (no ring)

@: mighty
A: large, unfitting armour, tough skin 1
a: no special abilities


You were on level 3 of the Dungeon.
You were not hungry.

You visited 1 branch of the dungeon, and saw 3 of its levels.

You collected 124 gold pieces.

Inventory:

Hand Weapons
 a - a +0 trident (weapon)
Armour
 b - a +0 robe (worn)
 c - a +0 shield (worn)
Jewellery
 n - an uncursed ring of ice {unknown}
Scrolls
 e - 2 scrolls of magic mapping {unknown}
 h - a scroll of amnesia {unknown}
 j - 2 scrolls of identify {unknown}
 k - a scroll of blinking {unknown}
 l - a scroll of remove curse {unknown}
 m - a scroll of noise {unknown}
Potions
 i - a potion of haste {unknown}
 o - 2 potions of heal wounds {unknown}
 p - a potion of resistance {unknown}
Comestibles
 f - 4 rations
 g - 3 chunks of flesh


   Skills:
 + Level 5.0 Fighting
 * Level 3.8 Polearms
 - Level 2.6 Dodging
 + Level 3.4 Shields


You had 4 spell levels left.
You didn't know any spells.
Your spell library was empty.

Dungeon Overview and Level Annotations

Branches:
Dungeon (3/15)

Altars:

Annotations:
D:3 Sigmund


Innate Abilities, Weirdness & Mutations

You are too large for most types of armour.
You have tough skin. (AC +1)


Message History

You bump into the rock wall.
You feel less confused.
You closely miss Sigmund.
Sigmund is severely wounded.
Sigmund hits you with a scythe.
You closely miss Sigmund.
Sigmund is severely wounded.
Sigmund gestures at you while chanting. The magic dart hits you!
You completely miss Sigmund.
Sigmund is severely wounded.
Sigmund barely misses you.
You puncture Sigmund!
Sigmund is almost dead.
Sigmund hits you with a scythe.
* * * LOW HITPOINT WARNING * * *
You barely miss Sigmund.
Sigmund is almost dead.
Sigmund hits you with a scythe!
You die...

#. #. #)
###### #.
#....# #.
#.!..### #.
#......# #.
#......###..#
#.
#.....@@...>#
#.
#....########
#. #....#
########.
#....#
#........
#....#
#.#######
#....# #รท#
##'### #.#
#.# #.# #.#
#.#


You could see Sigmund.

Vanquished Creatures
  A scorpion (D:2)
  A hound skeleton (D:3)
  An adder (D:2)
  3 dart slugs
  2 giant cockroaches
  6 goblins
  5 hobgoblins
  8 jackals
  9 kobolds
  2 ball pythons (D:2)
  2 bats (D:1)
  A frilled lizard (D:3)
  7 rats
48 creatures vanquished.

Notes
Turn   | Place    | Note
-------+----------+-------------------------------------------
     0 | D:1      | Lianjan the Ogre Fighter began the quest for the Orb.
     0 | D:1      | Reached XP level 1. HP: 24/24 MP: 1/1
   101 | D:1      | Reached XP level 2. HP: 32/32 MP: 2/2
   582 | D:2      | Reached XP level 3. HP: 40/40 MP: 3/3
  1131 | D:2      | Noticed a scorpion
  1152 | D:2      | Killed a scorpion
  1152 | D:2      | Reached XP level 4. HP: 36/49 MP: 4/4
  1532 | D:3      | Reached skill level 5 in Fighting
  1680 | D:3      | Reached XP level 5. HP: 55/57 MP: 5/5
  2051 | D:3      | Noticed Sigmund
  2067 | D:3      | Slain by Sigmund

Vault maps used:
D:1:      lemuel_arrival_tunnels
D:3:      lemuel_round_altar, uniq_sigmund

Skill      XL: |  1  2  3  4 |
---------------+-------------+-----
Shields        | 3 |  3.4
Polearms       | 3 |  3.8
Fighting       | 5 |  5.0
Dodging        | |  2.6

Action                   |  1- 3 |  4- 6 || total
-------------------------+-------+-------++-------
Melee: Trident           |    99 |    79 ||   178
  Use: Potion            |       |     1 ||     1
 Stab: Sleeping          |     1 |       ||     1
  Eat: Chunk             |     1 |     3 ||     4
Armor: Robe              |    20 |    33 ||    53
Dodge: Dodged            |    26 |    36 ||    62
Block: Shield            |    38 |    45 ||    83

Table legend:
 A = Spawn XP
 B = Non-spawn XP
 C = Spawn XP percentage of total XP
 D = Spawn monster count
 E = Non-spawn monster count
 F = Spawn count percentage of total count
 G = Total turns spent on level
                    A         B        C        D         E        F      G
               +---------+---------+-------+---------+---------+-------+---------
         Total |       0 |     181 |   0.0 |       0 |      48 |   0.0 |  2067
               +---------+---------+-------+---------+---------+-------+---------
           D:1 |       0 |      33 |   0.0 |       0 |      17 |   0.0 |   559
           D:2 |       0 |     101 |   0.0 |       0 |      13 |   0.0 |   949
           D:3 |       0 |      47 |   0.0 |       0 |      18 |   0.0 |   559
               +---------+---------+-------+---------+---------+-------+---------
